 Dungeon Crawl Stone Soup version 0.28-a0-895-g6e5f11bd55 (webtiles) character file.

Game seed: 5269785849978721196

14 croobank the Scratcher (level 2, -1/12 HPs)
             Began as a Felid Transmuter on Nov 23, 2021.
             Slain by a quokka (3 damage)
             ... on level 2 of the Dungeon.
             The game lasted 00:02:47 (1403 turns).

croobank the Scratcher (Felid Transmuter)           Turns: 1403, Time: 00:02:50

Health: -1/12      AC:  1    Str:  6    XL:     2   Next: 31%
Magic:  15/15      EV: 17    Int: 14    God:
Gold:   56         SH:  0    Dex: 16    Spells: 4/5 levels left
                                        Lives:  0   Deaths: 0

rFire   . . .      SeeInvis +     - Unarmed
rCold   . . .      Faith    .   (shield unavailable)
rNeg    . . .      Spirit   .   (armour unavailable)
rPois   .          Reflect  .   (helmet unavailable)
rElec   .          Harm     .   (cloak unavailable)
rCorr   .          Rampage  .   (gloves unavailable)
Will    .....                   (boots unavailable)
Stlth   +.........              (no amulet)
HPRegen 0.04/turn               e - ring of magical power
MPRegen 0.14/turn               (no ring)

@: appendages (expiring), quick
A: horns 2, very small, claws 1, fangs 3, see invisible, speed 1, shaggy fur 1,
stealthy paws, no weapons or thrown items, no armour, multi-lived
a: End Transformation


You were on level 2 of the Dungeon.
You had temporarily grown beastly horns.
You visited 1 branch of the dungeon, and saw 2 of its levels.

You collected 56 gold pieces.

Inventory:

Missiles
 b - 45 stones
Jewellery
 e - a ring of magical power (left paw)
Scrolls
 f - a scroll of enchant armour {unknown}
Potions
 a - a potion of flight
 c - a potion of degeneration
 d - a potion of curing {unknown}


   Skills:
 + Level 1.0 Fighting
 + Level 2.8 Dodging
 + Level 3.5 Unarmed Combat
 + Level 2.0 Spellcasting
 + Level 2.4 Transmutations


You had 4 spell levels left.
You knew the following spells:

 Your Spells              Type           Power      Damage    Failure   Level
a - Beastly Appendage     Tmut           16%        N/A       9%          1

Your spell library contained the following spells:

 Spells                   Type           Power      Damage    Failure   Level
 Wereblood                Tmut           8%         N/A       13%         2
 Spider Form              Tmut/Pois      4%         N/A       41%         3
 Ice Form                 Ice/Tmut       4%         N/A       82%         4


Dungeon Overview and Level Annotations

Branches:
Dungeon (2/15)

Altars:


Innate Abilities, Weirdness & Mutations

You have temporarily grown beastly horns.
You have sharp claws.
You have razor-sharp teeth.
You have supernaturally acute eyesight. (SInv)
You cover ground quickly. (Speed+)
You are covered in fur. (AC +1)
Your paws help you pounce on unaware monsters.
You are incapable of wielding weapons or throwing items.
You cannot wear armour.
You gain extra lives every three experience levels.


Message History

You see here a ring of magical power.
Casting: Beastly Appendage (safe; 9% risk of failure)
Confirm with . or Enter, or press ? or * to list all spells.
You grow a pair of large bovine horns.
The hobgoblin closely misses you.
You scratch the hobgoblin.
You kill the hobgoblin!
e - a ring of magical power You feel your magic capacity increase.
e - a ring of magical power (left paw)
Your transformation is almost over.
Your horns disappear.
HP restored.
Magic restored.
You now have 40 gold pieces (gained 6).
You now have 56 gold pieces (gained 16).
A rat comes into view.
Casting: Beastly Appendage (safe; 9% risk of failure)
Confirm with . or Enter, or press ? or * to list all spells.
You grow a pair of large bovine horns.
Your transformation is almost over.
A hobgoblin comes into view.
The rat closely misses you.
You scratch the rat.
You kill the rat!
A ball python comes into view.
You see here a rat corpse.
The ball python hisses angrily.
A quokka comes into view.
The hobgoblin barely misses you.
You closely miss the hobgoblin. The hobgoblin completely misses you.
You barely miss the hobgoblin. The ball python completely misses you.
The ball python misses you. The hobgoblin hits you.
You scratch the hobgoblin.
You headbutt the hobgoblin, but do no damage.
The hobgoblin is almost dead.
The ball python bites you. The ball python closely misses you.
The hobgoblin hits you.
* * * LOW HITPOINT WARNING * * *
The quokka bites you.
You die...

#................##.<####
#...........<.....# ##
##.............†#.#
####..............#...
................####..#
......[.....)...# ..#
..............†.## ..#
......#######+#..##.#>#
####### #.@g..#..
#rS###.# ##.# ..# .#. #.
# #. ##


You could see a quokka, a hobgoblin and a ball python.

Vanquished Creatures
  3 endoplasms
  2 giant cockroaches
  A goblin (D:1)
  A hobgoblin (D:2)
  2 jackals (D:1)
  A quokka (D:1)
  A rat (D:2)
11 creatures vanquished.

Notes
Turn   | Place    | Note
-------+----------+-------------------------------------------
     0 | D:1      | croobank the Felid Transmuter began the quest for the Orb.
     0 | D:1      | Reached XP level 1. HP: 9/9 MP: 4/4
   751 | D:1      | Reached XP level 2. HP: 9/12 MP: 4/6
  1403 | D:2      | Slain by a quokka

Illustrated notes

Levels and vault maps discovered:
D:1:      dpeg_arrival_snail, layout_loops_ring
D:2:      layout_basic, chequers_serial_rivers_small_b, serial_park_tiny_1,
          minmay_pentomino_v4

Action                   || total
-------------------------++-------
Melee: Unarmed           ||    27
       Headbutt          ||     6
       Bite              ||     2
 Cast: Beastly Appendage ||     7
  Use: Scroll            ||     4
 Stab: Sleeping          ||     2
Dodge: Dodged            ||    16

Table legend: (Time is in decaauts)
 A = Elapsed time spent in this place.
 B = Non-inter-level travel time spent in this place.
 C = Inter-level travel time spent in this place.
 D = Time resting spent in this place.
 E = Time spent auto-exploring this place.
 F = Levels seen in this place.
 G = Mean time per level.
                   A        B        C        D        E       F      G
               +--------+--------+--------+--------+--------+-----+--------+
         Total |   1249 |   1176 |     73 |    375 |    668 |   2 |  624.5 |
       Dungeon |   1249 |   1176 |     73 |    375 |    668 |   2 |  624.5 |
               +--------+--------+--------+--------+--------+-----+--------+

Top non-repeatable levels by time:
     D:1: 1125 daAuts
     D:2: 123 daAuts
